Cogmind - Beta 15 @@@ ROGUE MODE // 2025.07.26 @ 18:00:27 Player: Jiber Result: Destroyed by S-10 Pest with Light Assault Rifle Performance ------------- Evolutions (2) 1000 Regions Visited (6) 1200 Robots Destroyed (56) 280 Value Destroyed (2213) 2213 Prototype IDs (5) 100 Alien Tech Used (0) 0 Bonus (550) 550 TOTAL SCORE: 5343 Bonus ------- High Alert Combat Kills 101 Follower Combat Kills 295 Entered Garrisons 200 Friendly Fire -46 Cogmind --------- Core Integrity 0/550 Matter 260/300 Energy 160/160 System Corruption 2% Temperature Cool (0) Movement Core (850) Ox16 Location -8/Materials Parts ------- > --- POWER (1) -------- Light Nuclear Core > --- PROPULSION (4) --- (None) > --- UTILITY (4) ------ High-capacity Storage Unit > --- WEAPON (2) ------- Greatsword > --- INVENTORY (20) --- Launcher Guidance Computer Target Analyzer Heavy Armor Plating Relay Coupler [NC] (29) Relay Coupler [Swarmer] (29) Relay Coupler [Grunt] (26) Beam Rifle Gauss Rifle Signal Generator Peak State ------------ > --- POWER ------------ Light Deuterium Engine > --- PROPULSION ------- Carbon-fiber Leg Carbon-fiber Leg Carbon-fiber Leg Carbon-fiber Leg > --- UTILITY ---------- High-capacity Storage Unit Force Booster Improved Power Shielding Reactive Plating > --- WEAPON ----------- Heavy Laser Katana > --- INVENTORY -------- Light Nuclear Core Light Nuclear Core Aluminum Leg Aluminum Leg Launcher Guidance Computer Target Analyzer Heavy Armor Plating Relay Coupler [NC] Relay Coupler [Swarmer] Relay Coupler [Grunt] Relay Coupler [Hunter] Beam Rifle Gauss Rifle Greatsword Signal Generator [Rating: 38] Favorites ----------- Power Light Nuclear Core Engine Light Deuterium Engine Power Core Light Nuclear Core Propulsion Light Treads Treads Light Treads Leg Carbon-fiber Leg Utility Improved Terrain Scanner Device Improved Terrain Scanner Storage High-capacity Storage Unit Processor Terrain Scan Processor Protection Improved Power Shielding Weapon Katana Energy Gun Medium Laser Ballistic Cannon Improved Light Cannon Launcher Improved Grenade Launcher Slashing Weapon Katana Build | -11 -10 -10 -9 -8 -8 -8 ------- Run | Yrd Mat Min Mat Mat Gar Mat Slots Evolved 4 | . . . 2 2 . . Power . | . . . . . . . Propulsion 2 | . . . 1 1 . . Utility 2 | . . . 1 1 . . Weapon . | . . . . . . . Parts Attached 53 | 7 . 4 7 18 15 2 Power 5 | 1 . 1 . 3 . . Engine 2 | 1 . . . 1 . . Core 3 | . . 1 . 2 . . Reactor . | . . . . . . . Propulsion 22 | 2 . . 4 8 8 . Treads 16 | 2 . . 4 6 4 . Leg 6 | . . . . 2 4 . Wheel . | . . . . . . . Hover . | . . . . . . . Flight . | . . . . . . . Utility 13 | 2 . 1 1 3 5 1 Device 3 | 1 . . . . 2 . Storage 3 | 1 . 1 . 1 . . Processor 1 | . . . 1 . . . Hackware . | . . . . . . . Protection 6 | . . . . 2 3 1 Artifact . | . . . . . . . Weapon 13 | 2 . 2 2 4 2 1 Energy Gun 8 | 2 . 1 1 2 2 . Energy Cannon . | . . . . . . . Ballistic Gun . | . . . . . . . Ballistic Cannon 1 | . . . 1 . . . Launcher 2 | . . 1 . 1 . . Special Weapon . | . . . . . . . Impact Weapon . | . . . . . . . Slashing Weapon 2 | . . . . 1 . 1 Piercing Weapon . | . . . . . . . Special Melee Weapon . | . . . . . . . Unidentified Prototypes 1 | . . . . 1 . . Parts Lost 20 | . . . 1 1 15 3 Power 2 | . . . . . 2 . Propulsion 9 | . . . . 1 6 2 Utility 6 | . . . . . 5 1 Weapon 3 | . . . 1 . 2 . Highest Loss Streak 7 | . . . 1 1 7 3 To Critical Strikes . | . . . . . . . Average Backups 11 | 1 3 6 8 14 15 8 Power 1 | . 1 1 1 2 1 . Propulsion 2 | . . 1 3 4 3 . Utility 4 | . 1 2 2 4 6 6 Weapon 2 | . 1 1 2 3 3 2 Tool/Special . | . . . . . . . Unused Backups 25 | . . 11 . 7 . 7 Power 3 | . . . . 3 . . Propulsion 10 | . . 8 . 2 . . Utility 9 | . . 2 . 1 . 6 Weapon 3 | . . 1 . 1 . 1 Tool/Special . | . . . . . . . Average Slot Usage (%) 96 | . 100 100 97 99 95 45 Engine 4 | . 14 1 . . 8 . Core 5 | . . 12 11 8 . 9 Treads 25 | . 28 28 33 35 16 . Leg 7 | . . . . . 18 12 Device 10 | . 14 14 9 9 8 6 Storage 10 | . 14 14 11 9 9 9 Processor 3 | . . . 10 9 . . Protection 7 | . . . . 9 15 . Energy Gun 9 | . 28 17 11 4 5 . Ballistic Cannon 1 | . . . 7 1 . . Launcher 4 | . . 10 1 5 2 . Slashing Weapon 4 | . . . . 5 8 7 Peak Build Rating 38 | 9 9 13 18 26 38 23 Average Rating 22 | 6 9 11 17 23 31 19 On Entrance 12 | . 9 9 13 18 25 13 Naked Turns . | . . . . . . . Heaviest Build 68 | 14 14 32 33 57 68 55 Greatest Support 83 | 40 40 40 63 83 80 25 Greatest Overweight (x) 16 | . . . . 2 3 16 Average Overweight (x) . | . . . . . . 4 Largest Inventory Capacity 20 | 8 8 15 15 20 20 20 Average Capacity 15 | 7 8 8 15 18 20 20 Most Carried 20 | 5 4 8 13 20 20 13 Average Carried 13 | 1 3 7 9 16 18 10 Final Capacity 20 | 8 8 15 15 20 20 20 Final Carried 20 | 2 4 8 12 20 14 10 Class Distribution -------------------- 50% | Scavenger-Mutant 48% | Mutant Dominant Class ---------------- Mutant | -10/Materials Mutant | -10/Mines Scavenger-Mutant | -9/Materials Scavenger-Mutant | -8/Materials Scavenger-Mutant | -8/Garrison Mutant | -8/Materials Resources | -11 -10 -10 -9 -8 -8 -8 ----------- Run | Yrd Mat Min Mat Mat Gar Mat Matter Collected 1322 | 265 5 78 181 444 349 . Remotely . | . . . . . . . Salvage Created 1806 | 107 42 99 287 658 589 24 Parts 107 | 2 3 12 15 42 29 4 Haulers Intercepted . | . . . . . . . Recyclers Shooed 1 | 1 . . . . . . Parts Field Recycled . | . . . . . . . Retrieved Matter . | . . . . . . . Parts Self-Destructed . | . . . . . . . Prevented . | . . . . . . . Kills | -11 -10 -10 -9 -8 -8 -8 ------- Run | Yrd Mat Min Mat Mat Gar Mat Combat Hostiles Destroyed 48 | . 1 7 6 15 17 2 Melee 13 | . . . . 5 6 2 Guns 18 | . 1 3 5 4 5 . Cannons 3 | . . . 1 2 . . AOE 14 | . . 4 . 4 6 . Classes Destroyed 10 | 2 1 2 3 2 . . Tunneler 1 | 1 . . . . . . Recycler 3 | 1 . 1 . 1 . . Operator 1 | . . . 1 . . . Watcher 5 | . . . 2 2 1 . Swarmer 13 | . . 5 . 3 3 2 Grunt 17 | . 1 . 5 6 5 . Brawler 1 | . . . 1 . . . Sentry 11 | . . . . 5 6 . Hunter 4 | . . . . 1 3 . Assembled 2 | . . 2 . . . . Best Kill Streak 4 | 1 1 3 4 4 4 2 Combat Bots Only 4 | . 1 3 3 3 4 2 Max Kills in Single Turn 2 | 1 1 2 2 2 2 1 Gunslinging . | . . . . . . . Exploded 2 | . . 2 . 2 2 . Melee 1 | . . . . 1 1 1 Uniques/NPCs Destroyed . | . . . . . . . Combat | -11 -10 -10 -9 -8 -8 -8 -------- Run | Yrd Mat Min Mat Mat Gar Mat Hostile Shots Fired 430 | . 9 14 29 74 275 29 Missed 102 | . 2 3 9 15 66 7 Hits 328 | . 7 11 20 59 209 22 Projectile 328 | . 7 11 20 59 209 22 Critical Strikes 16 | . . 1 . 6 9 . Damage Taken 4255 | . 62 93 288 1052 2586 174 Core 587 | . . 9 24 135 357 62 Absorbed by Shields . | . . . . . . . Redirected to Shielding 73 | . . . . 37 36 . Ignored by Resistances 130 | . . . . . 130 . Regen/Repaired (Parts) 69 | . . . 69 . . . Core Remaining (%) 96 | 100 . 96 94 . . . Volleys Fired 131 | 13 4 10 27 36 41 . Largest 2 | 2 2 2 2 2 1 . Hottest 101 | 90 90 86 89 101 69 . Shots Fired 197 | 24 8 15 47 62 41 . Gun 137 | 24 8 10 27 41 27 . Cannon 29 | . . . 16 13 . . Launcher 31 | . . 5 4 8 14 . Special . | . . . . . . . Kinetic 29 | . . . 16 13 . . Thermal 117 | 24 8 10 27 21 27 . Explosive 31 | . . 5 4 8 14 . Electromagnetic 20 | . . . . 20 . . Robot Hit Streak 11 | 7 3 6 5 8 11 . Robot Miss Streak 4 | 3 2 2 2 3 4 . Penetration Max . | . . . . . . . Secondary Targets . | . . . . . . . Shots Hit Robots 148 | 16 4 9 25 44 48 2 Core Hits 86 | 3 2 10 16 29 25 1 Critical Kills . | . . . . . . . Critical Parts Destroyed . | . . . . . . . Critical Strikes 10 | 2 . . 1 5 2 . Burn 8 | 2 . . 1 4 1 . Sever 2 | . . . . 1 1 . Melee Attacks 44 | . . . . 10 32 2 Impact . | . . . . . . . Slashing 44 | . . . . 10 32 2 Piercing . | . . . . . . . Sneak Attacks . | . . . . . . . Combat Hostiles . | . . . . . . . Follow-up Attacks . | . . . . . . . Damage Inflicted 4299 | 188 63 287 673 1218 1768 102 Guns 1169 | 188 63 76 249 332 261 . Cannons 409 | . . . 212 197 . . Explosions 1579 | . . 210 212 400 757 . Melee 1141 | . . . . 289 750 102 Ramming 1 | . . 1 . . . . Kinetic 409 | . . . 212 197 . . Thermal 1007 | 188 63 76 249 170 261 . Explosive 1579 | . . 210 212 400 757 . Electromagnetic 162 | . . . . 162 . . Impact . | . . . . . . . Slashing 1141 | . . . . 289 750 102 Piercing . | . . . . . . . Highest Corruption 2 | . . . . . 2 2 Average Corruption 1 | . . . . . 1 2 Corruption Purged . | . . . . . . . Corruption Blocked . | . . . . . . . Overload Shots . | . . . . . . . Overflow Damage 38 | . . . . 15 9 14 Projectiles 5 | . . . . 5 . . Explosions 15 | . . . . 10 5 . Melee 18 | . . . . . 4 14 Knockbacks 5 | . . . 4 1 . . Impact . | . . . . . . . Kinetic 5 | . . . 4 1 . . Secondary . | . . . . . . . Self-Inflicted Damage 100 | . . . 39 . 61 . Shots 4 | . . . 1 . 3 . Rammed 1 | . . 1 . . . . Targets Rammed 1 | . . 1 . . . . Kicked . | . . . . . . . Crushed . | . . . . . . . Highest Temperature 271 | 242 138 38 144 271 220 . Average Temperature 71 | 98 71 16 48 90 77 . Received Heat Transfer 1431 | . 18 . 135 396 882 . Effects 3 | 2 . . . . 1 . Interference 3 | 2 . . . . 1 . Siege Activations . | . . . . . . . Martial Activations . | . . . . . . . Shielding Activations . | . . . . . . . Robots Disrupted . | . . . . . . . Combat Hostiles . | . . . . . . . Robots Corrupted . | . . . . . . . Combat Hostiles . | . . . . . . . Parts Fried . | . . . . . . . Impact Corruptions . | . . . . . . . Robots Melted . | . . . . . . . Combat Hostiles . | . . . . . . . Parts Melted 8 | 3 . . . 3 2 . Heat Transferred 3087 | 632 161 222 703 740 629 . Parts Sabotaged . | . . . . . . . Parts Stolen . | . . . . . . . Parts Stripped . | . . . . . . . Power Chain Reactions . | . . . . . . . Alert | -11 -10 -10 -9 -8 -8 -8 ------- Run | Yrd Mat Min Mat Mat Gar Mat Maximum Alert Level 3 | . . . 1 1 3 2 Low Security (%) 43 | 100 100 100 55 39 . . Level 1 26 | . . . 44 60 18 97 Level 2 22 | . . . . . 61 2 Level 3 7 | . . . . . 19 . Level 4 . | . . . . . . . Level 5 . | . . . . . . . High Security . | . . . . . . . Max Security . | . . . . . . . Peak Influence 831 | 5 20 84 343 325 831 403 Initial 378 | . . 3 13 144 206 378 Average 278 | . 1 17 187 223 537 381 Influence Increases 2063 | 10 30 165 520 553 720 65 Destroy 0b10 Robot/C 1140 | . 20 100 340 300 340 40 Destroy 0b10 Robot/NC 55 | 10 . 5 20 15 5 . Destroy Leader 208 | . . 10 64 94 30 10 Allied During Kill 29 | . . 6 23 . . . Successful Hack 18 | . 10 . 3 5 . . Disable Machine 90 | . . . 45 45 . . Anti-Garrison Action 200 | . . . . . 200 . Destroy Structure 203 | . . 29 25 49 100 . Partial Spotted 30 | . . . . . 30 . Lose Combat Pursuer 90 | . . 15 . 45 15 15 Influence Decreases 1680 | 10 20 139 213 579 261 458 Entered New Map 738 | . . 7 23 199 111 398 Time Decay 722 | 10 20 132 180 350 . 30 Lost Part 200 | . . . 10 10 150 30 Lost Ally 20 | . . . . 20 . . Squads Dispatched 7 | . . 1 3 3 . . Investigation 2 | . . . 1 1 . . Extermination . | . . . . . . . Reinforcement 4 | . . . 2 2 . . Assault 1 | . . 1 . . . . Garrison . | . . . . . . . Intercept . | . . . . . . . Searches Triggered . | . . . . . . . Construction Impeded . | . . . . . . . Haulers Reinforced . | . . . . . . . Active Scanning Responses . | . . . . . . . Cargo Convoy Interrupts . | . . . . . . . Stealth | -11 -10 -10 -9 -8 -8 -8 --------- Run | Yrd Mat Min Mat Mat Gar Mat Distress Signals 5 | . . . 2 1 . 2 Communications Jammed . | . . . . . . . Distress Signals . | . . . . . . . Times Spotted 77 | . 4 7 18 20 25 3 Peak Tracking Total 7 | . 3 3 6 4 7 4 Tactical Retreats 5 | . . 1 . 2 1 1 Traps | -11 -10 -10 -9 -8 -8 -8 ------- Run | Yrd Mat Min Mat Mat Gar Mat Traps Triggered 1 | . . . . . 1 . Indirectly . | . . . . . . . Trap Hack Attempts . | . . . . . . . Triggered . | . . . . . . . Disarmed . | . . . . . . . Reprogrammed . | . . . . . . . Reused . | . . . . . . . Traps Extracted . | . . . . . . . Installed . | . . . . . . . Triggered . | . . . . . . . Machines | -11 -10 -10 -9 -8 -8 -8 ---------- Run | Yrd Mat Min Mat Mat Gar Mat Machines Disabled 8 | . . . 3 3 2 . Max in Single Turn 2 | . . . 2 2 1 . Garrison Relay 2 | . . . . . 2 . Machines Repaired . | . . . . . . . Machines Dismantled . | . . . . . . . Machines Sabotaged . | . . . . . . . Overloaded Fab Kills . | . . . . . . . Hacking | -11 -10 -10 -9 -8 -8 -8 --------- Run | Yrd Mat Min Mat Mat Gar Mat Machines Accessed 7 | . 1 . 1 4 1 . Terminals 5 | . 1 . . 3 1 . Fabricators . | . . . . . . . Repair Stations 1 | . . . 1 . . . Recycling Units . | . . . . . . . Scanalyzers . | . . . . . . . Garrison Access 1 | . . . . 1 . . Total Hacks 21 | . 3 . 7 9 2 . Successful 13 | . 3 . 5 5 . . Failed 8 | . . . 2 4 2 . Catastrophic . | . . . . . . . Database Lockouts . | . . . . . . . Manual . | . . . . . . . Terminals 13 | . 3 . . 8 2 . Fabricators . | . . . . . . . Repair Stations 7 | . . . 7 . . . Recycling Units . | . . . . . . . Scanalyzers . | . . . . . . . Garrison Access 1 | . . . . 1 . . Terminal Hacks 7 | . 3 . . 4 . . Prototype ID Bank 2 | . 1 . . 1 . . Alert Level 2 | . . . . 2 . . Hauler Manifests 1 | . 1 . . . . . Zone Layout 2 | . 1 . . 1 . . Fabricator Hacks . | . . . . . . . Repair Station Hacks 5 | . . . 5 . . . Scan Component 3 | . . . 3 . . . Repair 2 | . . . 2 . . . Recycling Unit Hacks . | . . . . . . . Scanalyzer . | . . . . . . . Garrison Access Hacks 1 | . . . . 1 . . Unlock Access 1 | . . . . 1 . . Unauthorized Hacks . | . . . . . . . Terminals . | . . . . . . . Fabricators . | . . . . . . . Repair Stations . | . . . . . . . Recycling Units . | . . . . . . . Scanalyzers . | . . . . . . . Garrison Access . | . . . . . . . Data Cores Recovered . | . . . . . . . Used . | . . . . . . . Hacking Detections 4 | . . . 1 2 1 . Full Trace Events 2 | . . . 1 1 . . Feedback Events . | . . . . . . . Feedback Blocked . | . . . . . . . Robot Schematics Acquired . | . . . . . . . Robots Built . | . . . . . . . Authchips . | . . . . . . . Time . | . . . . . . . Total Robot Build Rating . | . . . . . . . Part Schematics Acquired . | . . . . . . . Parts Built . | . . . . . . . Authchips . | . . . . . . . Time . | . . . . . . . Total Part Build Rating . | . . . . . . . Parts Repaired 2 | . . . 2 . . . Time 64 | . . . 64 . . . Parts Recycled . | . . . . . . . Recycled Matter . | . . . . . . . Retrieved Matter . | . . . . . . . Retrieved Components . | . . . . . . . Parts Scanalyzed . | . . . . . . . Part Schematics Acquired . | . . . . . . . Parts Damaged . | . . . . . . . Bothacking | -11 -10 -10 -9 -8 -8 -8 ------------ Run | Yrd Mat Min Mat Mat Gar Mat Used RIF Installer . | . . . . . . . Robots Hacked . | . . . . . . . Non-combat . | . . . . . . . Combat . | . . . . . . . Robot Hacks Applied . | . . . . . . . Relay Couplers Released 6 | . . . . . 6 . Machine Destruction 6 | . . . . . 6 . Fabnet Peak Effective % . | . . . . . . . Robots Rewired . | . . . . . . . Allies Hacked . | . . . . . . . Hacks Repelled . | . . . . . . . Allies | -11 -10 -10 -9 -8 -8 -8 -------- Run | Yrd Mat Min Mat Mat Gar Mat Total Allies 1 | . . 1 . . . . Largest Group 1 | . . 1 1 1 . . Highest-Rated Group 31 | . . 31 31 31 . . Highest-Rated Ally 31 | . . 31 31 31 . . Initial Warlord ECA Mod 4 | . . . . . . 4 Total Orders . | . . . . . . . Ally Attacks 52 | . . 5 43 4 . . Total Damage 699 | . . . 699 . . . Kills 12 | . . . 12 . . . Allies Corrupted . | . . . . . . . Allies Melted . | . . . . . . . Intel | -11 -10 -10 -9 -8 -8 -8 ------- Run | Yrd Mat Min Mat Mat Gar Mat Active Infowar (turns) 2137 | 50 191 718 339 793 46 . Terrain 2137 | 50 191 718 339 793 46 . Robot Analysis Total . | . . . . . . . Derelict Logs Recovered . | . . . . . . . Drone Launches . | . . . . . . . Drone Recoveries . | . . . . . . . Exploration | -11 -10 -10 -9 -8 -8 -8 ------------- Run | Yrd Mat Min Mat Mat Gar Mat Turns Passed 3627 | 135 191 718 378 793 1344 68 Spaces Moved 1695 | 66 104 408 138 361 601 17 Core 22 | 20 . . . . . 2 Treads 1296 | 46 104 408 138 357 243 . Legs 377 | . . . . 4 358 15 Wheels . | . . . . . . . Hover . | . . . . . . . Flight . | . . . . . . . Fastest Speed 50 | 50 160 160 160 156 120 260 Average Speed 168 | 126 160 160 160 160 182 358 Slowest Speed 850 | 160 160 160 160 260 330 850 Overloaded Moves . | . . . . . . . Propulsion Burnouts . | . . . . . . . Robots Hopped . | . . . . . . . Potential Cave-ins . | . . . . . . . Cave-ins Triggered . | . . . . . . . Exploration Rate (%) 29 | 4 19 78 22 27 47 7 Regions Visited 6 Branch Regions 1 Pre-discovered Areas . | . . . . . . . Known Exits Taken 1 | . . . . 1 . . Unknown Exits Taken 4 | 1 1 1 1 . . . Scrap Searched . | . . . . . . . Spaces Dug . | . . . . . . . Terrain Destroyed 273 | . . 32 24 68 149 . Melee . | . . . . . . . Projectile . | . . . . . . . AOE 273 | . . 32 24 68 149 . Terrain Rammed . | . . . . . . . Walls Destroyed . | . . . . . . . Machines Disabled . | . . . . . . . Actions | -11 -10 -10 -9 -8 -8 -8 --------- Run | Yrd Mat Min Mat Mat Gar Mat Total 2209 | 93 121 463 247 496 764 25 Wait 143 | . 12 8 64 18 40 1 Move 1690 | 65 103 407 137 361 600 17 Hop . | . . . . . . . Pick Up 77 | 8 2 17 10 27 13 . Fast Attach 3 | 1 . . . . 2 . Attach 30 | 6 . . 4 4 12 4 Detach 1 | . . . . . . 1 Swap 40 | . . 6 4 22 8 . Drop 49 | . . 14 1 18 16 . Fire 131 | 13 4 10 27 36 41 . Melee 44 | . . . . 10 32 2 Ram . | . . . . . . . Kick . | . . . . . . . Crush 1 | . . 1 . . . . Escape Stasis . | . . . . . . . Rewire . | . . . . . . . Trap . | . . . . . . . Miscellaneous . | . . . . . . . Route ------- -11/Scrapyard -10/Materials -10/Mines -9/Materials (discovered 2 exits: *Mat / [*Min]) -8/Materials -8/Garrison -8/Materials History --------- Turn | Location | Event 28 | -11/Scrapyard | Discovered new exit (range 15) 136 | -11/Scrapyard | Entered Materials 308 | -10/Materials | Build established: Mutant 319 | -10/Materials | Discovered new exit (range 5) 327 | -10/Materials | Entered Mines 328 | -10/Mines | Met a Derelict testing a Signal Generator 339 | -10/Mines | Found Signal Generator 390 | -10/Mines | Assembled infested the area 401 | -10/Mines | YI-UF0 nonchalantly dropped a Grenade Launcher on the ground 774 | -10/Mines | Discovered new exit (range 15) 846 | -10/Mines | Joined a pair of Derelicts in attacking an 0b10 outpost 1045 | -10/Mines | Entered Materials 1045 | -9/Materials | Accompanied by 1 ally 1045 | -9/Materials | Evolved 2 slots: Propulsion x1, Utility x1 1180 | -9/Materials | Discovered new exit (range 15) 1318 | -9/Materials | Discovered new exit (range 16) 1323 | -9/Materials | Build established: Scavenger-Mutant 1364 | -9/Materials | Repaired Imp. Terrain Scanner 1392 | -9/Materials | Repaired Lgt. Treads 1423 | -9/Materials | Entered another Materials area 1423 | -8/Materials | Accompanied by 1 ally 1423 | -8/Materials | Evolved 2 slots: Propulsion x1, Utility x1 2216 | -8/Materials | Identified exit to Garrison 2216 | -8/Materials | Entered Garrison 2446 | -8/Garrison | Triggered checkpoint 2509 | -8/Garrison | Garrison Relay disabled 2710 | -8/Garrison | Triggered checkpoint 2758 | -8/Garrison | Core integrity fell below 50% 2782 | -8/Garrison | Lost 3 parts (2n1u) 3049 | -8/Garrison | Build established: Mutant 3147 | -8/Garrison | Discovered new exit (range 9) 3184 | -8/Garrison | Triggered checkpoint 3299 | -8/Garrison | Garrison Relay disabled 3496 | -8/Garrison | Triggered checkpoint 3503 | -8/Garrison | Triggered checkpoint 3545 | -8/Garrison | Core integrity fell below 20% 3560 | -8/Garrison | Entered Materials 3589 | -8/Materials | Lost 7 parts (2p4n1u) 3628 | -8/Materials | Destroyed by S-10 Pest with Light Assault Rifle Last Messages --------------- 03534_ Carbon-fiber Leg destroyed. 03542_ Reactive Plating destroyed. 03543_ Lgt. Nuclear Core destroyed. 03552_ S-10 Pest destroyed. 03558_ Aluminum Leg destroyed. LOCATION=UNKNOWN GOAL=ESCAPE You have entered the same map type at the same depth as a previous visit, though this is a different location at that depth rather than "revisiting" the exact same area. 03564_ Relay Coupler [Hunter] fries itself. 03571_ W-25 Informer sends out distress signal. 03596_ Carbon-fiber Leg destroyed. 03602_ Destroyed Lgt. Ion Engine. 03602_ S-10 Pest destroyed. 03603_ Force Booster destroyed. 03613_ S-10 Pest destroyed. 03615_ Aluminum Leg destroyed. Map ----- +----------------------------------------------------+ | | | | | | | | | | | | | | | | | | | | | ????????????????????????????????????????????? | | ????????????????????????????????????????????? | | ????????????????????????????????????????????? | | ??????????####################??????????????? | | ??????????# ?????????????? | | ??????????# ?????????????? | | ??????????# ?????????????? | | ??????????##### #######???????????????????? | | ??????????????# #?????????????????????????? | | ??????????????# #?????????????????????????? | | ???????######## #?????????????????????????? | | ???????# #?????????????????????????? | | ???????# ############## ?????????? | | ???????# %= ]]] ????????? | | ???????##+##### != ]]] ????????? | | ??????????????# =%=@ ]]] ""???????????? | | ??????????????# " " ""???????????? | | ??????????????# "R" s ""???????????? | | ??????????????# """ ??????????? | | ??????????????+ ?????????? | | ??????????????# ] ??????????? | | ??????????????# ######## ??????????? | | ??????????????# #??????????????????? | | ??????????????# #??????????????????? | | ??????????????# m +??????????????????? | | ?????????????? #??????????????????? | | ?????????????? #??????????????????? | | ?????????????? #### #??????????????????? | | ?????????????????????? #??????????????????? | | ?????????????????????? ???????????????????? | | ?????????????????????? ?????????????????????? | | ????????????????????????????????????????????? | | ????????????????????????????????????????????? | | ????????????????????????????????????????????? | | ????????????????????????????????????????????? | | ????????????????????????????????????????????? | | ????????????????????????????????????????????? | | ????????????????????????????????????????????? | | ????????????????????????????????????????????? | | ????????????????????????????????????????????? | +----------------------------------------------------+ Best States ------------- Heat Dissipation 31 Energy Generation 14 Energy Capacity 250 Matter Stores 300 Matter Capacity 300 Sight Range 16 Terrain Scan Range 16 Terrain Scan Density 85 Armor Coverage 225 Resistance: KI 20 Power Shielding 66 Weapon Shielding 33 Evasion (%) 50 Recoil Reduction 4 Force Boost 20 Item Schematics ----------------- None Robot Schematics ------------------ None Fabricated ------------ Nothing Repaired ---------- Imp. Terrain Scanner | 36% | -9/Materials Lgt. Treads | 60% | -9/Materials Alien Tech Used ----------------- None Achievements -------------- I Survived The Infestation Challenges ------------ None Game ------ Seed TachyonFortressCore Manual? 0 Play Time 00:46:51 Cumulative 13.2 hours Start 2025.07.26 @ 17:13:00 End 2025.07.26 @ 18:00:27 Sessions 1 Manual Loads 0 Difficulty Rogue Special Mode None Game No. 20 Rogue 20 Adventurer 0 Explorer 0 Win Type - Total 0 Types 0/0/0/0/0/0/0/0/0/0 Lore% 6 Gallery% 17 Achievement% 15 Wizard Run 0 Options --------- Layout 1 ASCII 0 Keyboard 0 Movement Mouse Keybinds 0 Fullscreen 1 Font 32/SmallcapsGlow Map View 50x35 Zoom Use 0% Tactical HUD 1 Map Filters NONE Filters NONE Steam 1 RUN: 942c13b9-d8e1-41ea-be1d-9cff06562166